 Dungeon Crawl Stone Soup version 0.23-a0-713-ge59bbb1 (webtiles) character file.

8875 JeffiDaFish the Arsonist (level 11, -9/93 HPs)
             Began as a Pale Draconian Fire Elementalist on Jan 16, 2019.
             Was a High Priest of Sif Muna.
             Mangled by a tyrant leech (20 damage)
             ... on level 2 of the Lair of Beasts.
             The game lasted 00:44:55 (16986 turns).

JeffiDaFish the Arsonist (DrFE)                    Turns: 16986, Time: 00:44:58

Health: -9/93      AC: 14    Str: 13    XL:     11   Next: 15%
Magic:  9/21       EV: 12    Int: 18    God:    Sif Muna [*****.]
Gold:   730        SH:  0    Dex: 12    Spells: 10/23 levels left

rFire    . . .     SeeInvis .   m - +6 spear
rCold    . . .     Gourm    +   (no shield)
rNeg     . . .     Faith    .   (armour unavailable)
rPois    .         Spirit   .   q - +1 hat
rElec    .         Reflect  .   e - +0 cloak
rCorr    .         Harm     .   x - +2 pair of gloves
MR       +....                  i - +1 pair of boots
Stlth    +++.......             r - amulet of the gourmand
HPRegen  0.25/turn              g - ring of stealth
MPRegen  0.17/turn              n - ring of protection from magic

@: lethally poisoned (-9 -> -24), divine energy
A: breathe steam, unfitting armour, talons 1, mutation resistance 1, strong 1,
cold-blooded, AC +7
a: Breathe Steam, Stop Divine Energy, Channel Magic, Forget Spell, Renounce
Religion


You were on level 2 of the Lair of Beasts.
You worshipped Sif Muna.
Sif Muna was extremely pleased with you.
You were very full.

You visited 3 branches of the dungeon, and saw 13 of its levels.

You collected 730 gold pieces.

Inventory:

Hand Weapons
 m - a +6 spear (weapon)
Armour
 e - a +0 cloak (worn)
 i - a +1 pair of boots (worn)
 q - a +1 hat (worn)
 x - a +2 pair of gloves (worn)
Jewellery
 g - a ring of stealth (left hand)
 n - a ring of protection from magic (right hand)
 r - an amulet of the gourmand (around neck)
 v - an uncursed ring of poison resistance
Wands
 k - a wand of acid (14)
 u - a wand of disintegration (9)
Scrolls
 a - 6 scrolls of teleportation
 c - 10 scrolls of remove curse
 j - 5 scrolls of identify
 p - a scroll of fog
Potions
 f - 2 potions of might
 h - 4 potions of curing
 o - a potion of berserk rage
 s - a potion of agility
Comestibles
 b - 18 rations


   Skills:
 + Level 7.7 Fighting
 - Level 1.7 Dodging
 - Level 1.7 Stealth
 + Level 6.7 Spellcasting
 * Level 10.1 Conjurations
 * Level 11.4 Fire Magic


You had 10 spell levels left.
You knew the following spells:

 Your Spells              Type           Power        Failure   Level  Hunger
a - Flame Tongue          Conj/Fire      #####        1%          1    None
b - Conjure Flame         Conj/Fire      #####...     1%          3    ##.....
c - Sticky Flame          Conj/Fire      #####...     1%          4    ####...
d - Fireball              Conj/Fire      #####.....   3%          5    #####..

Your spell library contained the following spells:

 Spells                   Type           Power        Failure   Level  Hunger
 Throw Flame              Conj/Fire      #####.       1%          2    None
 Inner Flame              Hex/Fire       ####....     3%          3    ##.....
 Ignite Poison            Fire/Tmut/Pois ###.....     7%          3    ##.....
 Animate Skeleton         Necr           N/A          11%         1    None
 Apportation              Tloc           #.....       11%         1    None
 Confusing Touch          Hex            #.....       11%         1    None
 Infusion                 Chrm           #...         11%         1    None
 Summon Small Mammal      Summ           #...         11%         1    None
 Shroud of Golubria       Chrm/Tloc      #.........   17%         2    None
 Song of Slaying          Chrm           #.......     17%         2    None
 Bolt of Fire             Conj/Fire      #####.....   21%         6    #######
 Confuse                  Hex            #.......     32%         3    ##.....
 Gell's Gravitas          Tloc           #.........   32%         3    ##.....
 Regeneration             Chrm/Necr      #.........   32%         3    ##.....
 Spectral Weapon          Hex/Chrm       #.......     32%         3    ##.....
 Petrify                  Tmut/Erth      #.......     73%         4    ####...
 Metabolic Englaciation   Hex/Ice        #.........   97%         5    #####..
 Yara's Violent Unravell  Hex/Tmut       #.........   97%         5    #####..
 Ring of Flames           Chrm/Fire      ####......   100%        7    #######
 Ignition                 Fire           #####.....   100%        8    #######


Dungeon Overview and Level Annotations

Branches:
Dungeon (11/15)            Temple (1/1) D:5            Lair (2/6) D:11
  Swamp: Lair:2-4    Shoals: Lair:2-4     Snake: Lair:2-4    Spider: Lair:2-4
    Orc: D:9-12

Altars:
Dithmenos
Elyvilon
Fedhas
Gozag
Hepliaklqana
Kikubaaqudgha
Makhleb
Qazlal
Sif Muna
Trog
Uskayaw
Vehumet
Zin
The Shining One

Shops:
D:9 :%

Annotations:
D:3 2 runed doors, brasw1bg's ghost, amateur TeAs


Innate Abilities, Weirdness & Mutations

You can breathe blasts of scalding, opaque steam.
Your pale cyan-grey scales are hard. (AC +7)
You cannot fit into any form of body armour.
You are cold-blooded and may be slowed by cold attacks.
You have sharp toenails.
You are somewhat resistant to further mutation.
Your muscles are strong. (Str +2)


Message History

You feel very sick.
The spiny frog burns!
You feel very sick.
The spiny frog burns!
You kill the spiny frog!
Sif Muna accepts your kill.
You feel sick.
You feel sick.
You feel very sick.
The swamp worm throws harpoon shot at you.
The harpoon shot misses you.
You feel sick.
You feel sick.
You feel sick.
The swamp worm throws harpoon shot at you.
The harpoon shot hits you!
* * * LOW HITPOINT WARNING * * *
You are yanked forward by the harpoon shot.
The tyrant leech bites you!!
You die...

..#..#.P..#
..........##
...........#
..........##
...........#
..##P.#...†##
.#.###.#....#
..#...##...##
.......@w..#
.##...#w...#
......ww...# #
♣♣....#....#.#
♣♣#.##†....#
≈♣♣...#...##
≈≈w.........#
§♣♣........$#
♣.........#


You could see 2 tyrant leeches and 2 swamp worms.

Vanquished Creatures
  A cyclops (D:11)
  A spiny frog (Lair:2)
  2 komodo dragons (Lair:1)
  A queen bee (D:11)
  A hippogriff (D:11)
  A wraith (D:11)
  4 yaks (Lair:1)
  A basilisk (Lair:1)
  A hungry ghost (D:11)
  A steam dragon (D:8)
  Menkaure (D:7)
  Edmund (D:5)
  2 water moccasins (Lair:2)
  Duvessa (D:5)
  5 porcupines (Lair:1)
  4 orc warriors
  2 sky beasts
  4 ice beasts
  3 black bears
  2 phantoms
  5 centaurs
  6 crocodiles (Lair:1)
  4 bullfrogs (Lair:1)
  A wyvern zombie (D:11)
  3 scorpions
  Dowan (D:5)
  17 killer bees
  4 wights (D:8)
  A howler monkey (D:9)
  A crimson imp (D:8)
  A bullfrog zombie (D:11)
  4 hounds
  A jelly (D:5)
  3 orc priests
  7 orc wizards
  Crazy Yiuf (D:5)
  A bullfrog skeleton (D:11)
  3 centaur skeletons
  2 iguanas (D:7)
  Terence (D:2)
  10 worker ants
  2 hound skeletons (D:6)
  A worker ant zombie (D:8)
  3 gnolls (D:4)
  10 adders
  4 shadow imps
  An ooze (D:1)
  An adder skeleton (D:4)
  6 worms
  3 dart slugs
  5 leopard geckos
  27 orcs
  4 bats
  7 giant cockroaches
  9 goblins
  3 hobgoblins
  6 jackals
  8 kobolds
  5 quokkas
  4 frilled lizards
  A jackal zombie (D:7)
  A leopard gecko zombie (D:6)
  5 rats
232 creatures vanquished.

Vanquished Creatures (others)
  A wight (D:8)
1 creature vanquished.

Grand Total: 233 creatures vanquished

Notes
Turn   | Place    | Note
-------+----------+-------------------------------------------
     0 | D:1      | JeffiDaFish the Draconian Fire Elementalist began the quest
                  | for the Orb.
     0 | D:1      | Reached XP level 1. HP: 14/14 MP: 3/3
   205 | D:1      | Reached XP level 2. HP: 22/22 MP: 3/5
  1112 | D:2      | Reached skill level 1 in Fighting
  1115 | D:2      | Found a deep blue altar of Sif Muna.
  1179 | D:2      | Became a worshipper of Sif Muna the Loreminder
  1199 | D:2      | Reached XP level 3. HP: 28/28 MP: 6/6
  1495 | D:2      | Learned a level 3 spell: Conjure Flame
  1534 | D:2      | Reached XP level 4. HP: 23/35 MP: 0/7
  1535 | D:2      | Reached skill level 4 in Fire Magic
  1774 | D:2      | Noticed Terence
  1794 | D:2      | Killed Terence
  1896 | D:2      | Reached XP level 5. HP: 41/41 MP: 8/8
  2274 | D:2      | Learned a level 4 spell: Sticky Flame
  3499 | D:3      | Found an opulent altar of Gozag.
  4030 | D:3      | Found a runed door.
  4035 | D:3      | Noticed brasw1bg's ghost (amateur TeAs)
  4054 | D:3      | Reached * piety under Sif Muna
  4100 | D:3      | Found a runed door.
  4438 | D:4      | Reached XP level 6. HP: 43/50 MP: 10/10
  5160 | D:4      | Reached skill level 5 in Fire Magic
  5492 | D:5      | Entered Level 5 of the Dungeon
  5524 | D:4      | Your scales start taking on a pale cyan-grey colour.
  5524 | D:4      | Reached XP level 7. HP: 23/57 MP: 6/11
  6141 | D:4      | Reached skill level 6 in Fire Magic
  6326 | D:5      | Noticed Edmund
  6566 | D:5      | Killed Edmund
  6566 | D:5      | Reached ** piety under Sif Muna
  6935 | D:5      | Reached skill level 5 in Conjurations
  7152 | D:5      | Noticed Dowan
  7178 | D:5      | Noticed Duvessa
  7179 | D:5      | Found a staircase to the Ecumenical Temple.
  7187 | D:5      | Killed Dowan
  7191 | D:5      | Killed Duvessa
  7191 | D:5      | Reached XP level 8. HP: 16/66 MP: 0/13
  7436 | Temple   | Entered the Ecumenical Temple
  7597 | D:5      | Found a runed door.
  7825 | D:5      | Noticed Crazy Yiuf
  7839 | D:5      | Killed Crazy Yiuf
  8177 | D:6      | Reached skill level 7 in Fire Magic
  8206 | D:6      | Gained mutation: Your muscles are strong. (Str +2) [potion
                  | of mutation]
  8206 | D:6      | Gained mutation: You have sharp toenails. [potion of
                  | mutation]
  8206 | D:6      | Gained mutation: You are somewhat resistant to further
                  | mutation. [potion of mutation]
  8945 | D:6      | Found a hide-covered altar of Uskayaw.
  9328 | D:7      | Found a bloodstained altar of Trog.
  9335 | D:7      | Learned a level 5 spell: Fireball
  9706 | D:7      | Reached skill level 8 in Fire Magic
 10008 | D:7      | Noticed Menkaure
 10015 | D:7      | Killed Menkaure
 10015 | D:7      | Reached skill level 5 in Fighting
 10018 | D:7      | Reached XP level 9. HP: 40/74 MP: 5/16
 10464 | D:7      | Reached *** piety under Sif Muna
 10689 | D:8      | Found a stormy altar of Qazlal.
 10716 | D:8      | Reached skill level 5 in Spellcasting
 11611 | D:8      | Reached skill level 9 in Fire Magic
 12049 | D:9      | Found Weytargh's Food Boutique.
 12070 | D:9      | Found an ancient bone altar of Kikubaaqudgha.
 12573 | D:9      | Found a radiant altar of Vehumet.
 12574 | D:9      | Found a white marble altar of Elyvilon.
 12576 | D:9      | Found an opulent altar of Gozag.
 12576 | D:9      | Found a shadowy altar of Dithmenos.
 12576 | D:9      | Found a glowing silver altar of Zin.
 12577 | D:9      | Found a glowing golden altar of the Shining One.
 13100 | D:9      | Found Ovinus's Book Shop.
 13225 | D:9      | You fall through a shaft for 2 floors!
 13307 | D:11     | Reached **** piety under Sif Muna
 13319 | D:11     | Reached XP level 10. HP: 11/84 MP: 0/18
 13548 | D:11     | Found a staircase to the Lair.
 13590 | D:11     | Noticed a cyclops
 13603 | D:11     | Killed a cyclops
 13603 | D:11     | Reached skill level 10 in Fire Magic
 15473 | Lair:1   | Entered Level 1 of the Lair of Beasts
 16101 | Lair:1   | Reached skill level 11 in Fire Magic
 16118 | Lair:1   | Reached ***** piety under Sif Muna
 16218 | Lair:1   | Reached XP level 11. HP: 51/92 MP: 15/20
 16296 | Lair:1   | Received a gift from Sif Muna
 16572 | Lair:1   | Reached skill level 10 in Conjurations
 16986 | Lair:2   | Mangled by a tyrant leech

Vault maps used:
D:1:      minmay_arrival_solitary_statue, serial_co_window_serial,
          co_window_of_opportunity_a, co_window_of_opportunity_a,
          co_window_of_opportunity_a, co_window_paths_a,
          co_window_of_opportunity_a, co_window_corner_ca,
          co_window_unsneaky_path_b, co_window_unsneaky_path_a,
          co_window_of_opportunity_b, co_window_broadway_a, co_window_cross_3,
          co_window_4corner_b, glass_columns_c, glass_columns_c,
          glass_columns_a, glass_columns_a
D:2:      overflow_temple_1_default, uniq_terence
D:3:      ebering_ghost_sewer_f, nicolae_gozag_seed_capital
D:4:      first_ration
D:5:      temple_statues, serial_column_ruins, column_ruins_hut_ruined,
          column_ruins_hut_water, column_ruins_open_small,
          column_ruins_corridor_plus, column_ruins_grid_1, uniq_duvessa,
          uniq_crazy_yiuf_cottage, uniq_edmund
D:6:      marbit_many_paths
D:7:      kennysheep_mini, uniq_menkaure
D:8:      grunt_qazlal_clouds
D:9:      grunt_temple_overflow_open, serial_shops, nicolae_shop_crystal, shop
D:11:     lair_entry_dummy, gauntlet_entry_generic, david_nohive_1
Temple:   minmay_temple_curvy_loop
Lair:1:   beast_lair_carwin_4
Lair:2:   gammafunk_cloud_chamber, minmay_swamp_entry_worms,
          guppyfry_snake_entry_island

Skill      XL: |  1  2  3  4  5  6  7  8  9 10 11 |
---------------+----------------------------------+-----
Fighting       | 1 2 3 4 5 6 7 |  7.7
Conjurations   | 2 3 4 5 6 8 9 10 | 10.1
Fire Magic     | 4 5 6 8 9 11 | 11.4
Spellcasting   | 3 4 5 6 |  6.7
Dodging        | |  1.7
Stealth        | |  1.7

Action                   |  1- 3 |  4- 6 |  7- 9 | 10-12 || total
-------------------------+-------+-------+-------+-------++-------
Melee: Spear             |    33 |   187 |   332 |   138 ||   690
       Tailslap          |     1 |    12 |    21 |    11 ||    45
 Cast: Flame Tongue      |    30 |    67 |   102 |    26 ||   225
       Conjure Flame     |       |    11 |    10 |     6 ||    27
       Sticky Flame      |       |     1 |    40 |    42 ||    83
       Fireball          |       |       |     5 |     6 ||    11
Invok: Divine Energy     |       |       |     1 |       ||     1
  Use: Scroll            |     6 |     4 |     7 |     6 ||    23
       Potion            |     3 |     4 |     5 |     1 ||    13
 Stab: Sleeping          |     1 |     6 |    10 |     3 ||    20
  Eat: Chunk             |     2 |    11 |    20 |    29 ||    62
       Ration            |       |     1 |     4 |     1 ||     6
Armor: Skin              |    13 |    55 |   161 |    66 ||   295
Dodge: Dodged            |    45 |   109 |   229 |   121 ||   504

Table legend:
 A = Non-vault XP
 B = Vault XP
 C = Vault XP percentage of total XP
 D = Non-vault monster count
 E = Vault monster count
 F = Vault count percentage of total count
                 A         B        C        D         E       F
            +---------+---------+-------+---------+---------+-------
      Total |   10195 |    2484 |  19.6 |     204 |      28 |  12.1
            +---------+---------+-------+---------+---------+-------
        D:1 |      29 |       0 |   0.0 |      12 |       0 |   0.0
        D:2 |     155 |      32 |  17.1 |      25 |       1 |   3.8
        D:3 |     137 |       0 |   0.0 |      29 |       0 |   0.0
        D:4 |     571 |       0 |   0.0 |      16 |       0 |   0.0
        D:5 |     350 |     412 |  54.1 |       8 |       4 |  33.3
        D:6 |     678 |       2 |   0.3 |      14 |       1 |   6.7
        D:7 |     495 |     169 |  25.5 |      20 |       1 |   4.8
        D:8 |    1235 |       0 |   0.0 |      32 |       0 |   0.0
        D:9 |     614 |       0 |   0.0 |      11 |       0 |   0.0
       D:11 |    2470 |    1114 |  31.1 |      19 |      14 |  42.4
     Lair:1 |    2724 |     755 |  21.7 |      15 |       7 |  31.8
     Lair:2 |     737 |       0 |   0.0 |       3 |       0 |   0.0
            +---------+---------+-------+---------+---------+-------
